Unix NetHack Version 3.7.0-65 Work-in-progress - last build Oct 10 2022 05:34:18 (2afc5cfc90f7ecdc2856d9919a2295b875398e55,branch:master). Game began 2022-10-19 23:33:56, ended 2022-10-25 22:38:15. aerth, neutral female human Monk ------ |......)# -------- ------ ####..^...^|# .......| |..{.| # |......|# |......| |....| --------------# -------# -......| |....| |............|# # |......| -|---- |............|# # |......| # ####.............|# # -----|-- # # # |..^.........|# ### # ### ## |........*....# #--------- # # # -------|------ #|.......| # -.- ----- # # #|.......| ## ## ........| ### #|.......|####### ----.----- |......$.| # #|....%...### #####-........| |.f......-## #|.......|# |.T......| |......>.| #........| |.@......| ---------- ---.----- ---------- Aerth the Student of Stones St:18/16 Dx:17 Co:17 In:11 Wi:15 Ch:8 Neutral Dlvl:25 $:129 HP:0(159) Pw:39(61) AC:0 Xp:12/28019 T:27232 Satiated Burdened Latest messages: You have a little trouble lifting o - a scroll labeled STRC PRST SKRZ KRK. There is a doorway here. You see here a wolf corpse. Your movements are slowed slightly because of your load. The freezing sphere explodes! Boom! The wolf is caught in the freezing sphere's explosion! You are caught in the freezing sphere's explosion! The wolf bites! You are hit by a forked polearm! The wolf bites! Your hands begin to glow red. The wolf bites! The wolf staggers from your powerful strike! Your hands stop glowing red. The kobold shaman points at you, then curses. You hit the kobold shaman! You hear some noises. The wolf bites! The kobold shaman points all around, then curses. You hit the wolf! The wolf bites! The air crackles around the kobold shaman. You kill the wolf! It misses the Olog-hai. You hit the Olog-hai! The Olog-hai hits! The Olog-hai hits! The Olog-hai bites! The plains centaur picks up an empty unlocked large box. The kobold shaman points at you, then curses. The plains centaur hits! The plains centaur kicks! You hit the Olog-hai! The Olog-hai hits! The Olog-hai hits! The Olog-hai bites! The plains centaur hits! The plains centaur misses! The kobold shaman points at you, then curses. The plains centaur hits! The plains centaur kicks! You fall down the stairs. The Olog-hai hits! The Olog-hai hits! The Olog-hai bites! You hit the Olog-hai! The Olog-hai hits! The Olog-hai hits! You die... Inventory: Coins ('$') $ - 129 gold pieces Amulets ('"') L - an uncursed amulet of reflection (being worn) Armor ('[') q - an uncursed burnt +0 elven leather helm (being worn) a - an uncursed burnt rotted +2 pair of leather gloves (being worn) W - an uncursed +0 pair of iron shoes (being worn) Q - a blessed greased +4 robe (being worn) Comestibles ('%') s - an uncursed C-ration V - an uncursed cream pie Y - an uncursed food ration v - 6 uncursed K-rations D - an uncursed lichen corpse A - 2 uncursed lizard corpses Scrolls ('?') r - a blessed scroll of blank paper o - an uncursed scroll of charging X - an uncursed scroll of teleportation Rings ('=') R - an uncursed ring of protection from shape changers u - an uncursed ring of shock resistance (on left hand) Wands ('/') d - an uncursed wand of digging (0:6) E - an uncursed wand of digging (0:3) I - an uncursed wand of magic missile (0:3) m - an uncursed wand of magic missile (0:0) T - an uncursed wand of make invisible (0:5) C - a cursed wand of slow monster (0:4) i - an uncursed wand of speed monster (0:4) f - a blessed wand of striking (0:4) n - an uncursed wand of striking (0:1) Tools ('(') b - a blessed oilskin sack containing 26 items y - an uncursed bugle j - an uncursed magic whistle p - an uncursed +0 pick-axe k - an uncursed skeleton key e - an uncursed stethoscope t - an uncursed towel h - an uncursed +0 unicorn horn Gems/Stones ('*') Z - 2 uncursed worthless pieces of yellow glass g - an uncursed luckstone P - 2 uncursed touchstones Contents of the oilskin sack: 11024 gold pieces an uncursed +0 pair of leather gloves an uncursed +0 pair of jumping boots an uncursed +0 shield of reflection an uncursed scroll of enchant weapon an uncursed scroll of fire an uncursed scroll of magic mapping an uncursed scroll of remove curse an uncursed scroll of teleportation an uncursed potion of confusion an uncursed potion of fruit juice an uncursed potion of gain energy an uncursed potion of restore ability a potion of holy water an uncursed potion of water 2 uncursed potions of water an uncursed ring of levitation an uncursed ring of regeneration an uncursed ring of sustain ability an uncursed ring of teleport control an uncursed wand of cold (0:3) an uncursed wand of magic missile (0:7) an uncursed wand of magic missile (0:6) an uncursed wand of polymorph (0:7) an uncursed drum of earthquake (0:6) an uncursed magic marker (0:50) Aerth the Monk's attributes: Background: You were a Student of Stones, a level 12 female human Monk. You were neutral, on a mission for Chih Sung-tzu who was opposed by Shan Lai Ching (lawful) and Huan Ti (chaotic). You were in the Dungeons of Doom, on level 25. You entered the dungeon 27232 turns ago. It was nighttime. There was a new moon in effect when your adventure ended. You had 28019 experience points, 11981 more were needed to attain level 13. Basics: You had 0 out of 159 hit points. You had 39 out of 61 energy points (spell power). Your armor class was 0. Your wallet contained 129 zorkmids. Autopickup was on for '$?!"=/*', with exceptions. Final Characteristics: Your strength was 18/16 (limit:18/100). Your dexterity was 17 (limit:18). Your constitution was 17 (peak:18, limit:18). Your intelligence was 11 (limit:18). Your wisdom was 15 (peak:16, limit:18). Your charisma was 8 (limit:18). Final Status: You were satiated. You were burdened; movement was slightly slowed. You were empty handed. You had grand master skill with martial arts. Final Attributes: You were piously aligned. You were fire resistant. You were sleep resistant. You were shock resistant. Your items were protected from electric shocks. You saw invisible. You were telepathic. You were warned. You had automatic searching. You were stealthy. You were guarded. You were fast. You had reflection. You had extra luck. Bad luck did not time out for you. Good luck did not time out for you. Chih Sung-tzu was angry with you. You are dead (2nd time!). Miscellaneous: You disabled loading of bones levels. Total elapsed playing time was 7 hours, 15 minutes and 50 seconds. Major events: Turn 1: aerth the neutral female human Monk entered the dungeon 260: entered the Gnomish Mines 638: attained the rank of Novice (level 3) 1158: reached Mine Town 1636: attained the rank of Initiate (level 6) 5523: entered Sokoban 6103: completed 2nd Sokoban level 6617: completed 3rd Sokoban level 7478: completed 4th Sokoban level 10387: acquired the Mines' End luckstone 12753: attained the rank of Student of Stones (level 10) 12800: acquired the Sokoban amulet of reflection 18217: performed her first genocide (class L) 26099: averted death (killed by a troll) 27232: killed by an Olog-hai Vanquished creatures: a jabberwock an Olog-hai a trapper a vampire leader a clay golem 2 Aleaxes an ettin 2 vampires a lieutenant 2 ghosts 3 queen bees 2 giant mimics a long worm 2 fire giants 4 ice trolls an elven monarch a doppelganger a wumpus a couatl a stalker an earth elemental 2 giant mummies a xorn 3 sergeants 2 water demons 3 wargs a winter wolf 4 small mimics 2 xans 3 ettin mummies 2 ogre leaders a quantum mechanic 10 trolls a wood golem a gelatinous cube a pyrolisk a large dog 2 freezing spheres 2 flaming spheres a large cat a tiger a gargoyle a dwarf ruler 5 tengu an ochre jelly a leocrotta an energy vortex 2 mountain centaurs a stone giant 4 elf mummies 2 human mummies a red naga 2 pit vipers a cobra 4 wraiths a carnivorous ape 2 ettin zombies a leather golem 2 Grey-elves 8 soldiers 5 chameleons 3 crocodiles 3 giant beetles 5 quivering blobs 6 cockatrices 5 wolves 4 winter wolf cubs 2 panthers 4 gremlins 2 spotted jellies 2 leprechauns 2 orc-captains 2 iron piercers a mumak 3 giant spiders 3 scorpions 3 horses 2 ice vortices a black light 6 vampire bats 5 gnome rulers an orc mummy a dwarf mummy an ogre 2 brown puddings 5 rust monsters 3 owlbears a yeti 2 gold golems a Green-elf 6 lizards 2 chickatrices 3 dingoes 3 housecats 2 jaguars 5 dwarf leaders a blue jelly 2 white unicorns 2 black unicorns 5 dust vortices 4 ravens 2 plains centaurs 2 gnome mummies a snake 9 water moccasins 3 apes 4 human zombies 2 rope golems 13 Woodland-elves 5 soldier ants 3 fire ants 5 bugbears 2 imps a quasit 3 wood nymphs a water nymph a mountain nymph 8 Mordor orcs 6 Uruk-hai 3 orc shamans 5 rock piercers 7 rock moles a pony 2 fog clouds 3 yellow lights 3 violet fungi 15 gnome leaders 6 gnomish wizards 7 kobold mummies a guardian naga hatchling a gray ooze 6 elf zombies a ghoul 2 straw golems 14 giant ants 3 little dogs 12 floating eyes a kitten 20 dwarves 4 homunculi a kobold leader a kobold shaman 12 hill orcs 17 rothes a rabid rat a centipede 5 giant bats a monkey 4 orc zombies 6 dwarf zombies 2 wererats a werejackal 10 iguanas 65 killer bees an acid blob 2 coyotes 6 gas spores 8 hobbits 4 hobgoblins 9 giant rats 12 cave spiders 5 yellow molds a green mold a red mold 59 gnomes a garter snake a gnome zombie 12 geckos 9 jackals 3 foxes 2 kobolds 7 goblins 4 sewer rats 9 grid bugs a bat 5 lichens 5 kobold zombies 8 newts 727 creatures vanquished. Genocided species: liches demiliches master liches arch-liches 4 species genocided. Voluntary challenges: You read items or engraved 40 times. You engraved Elbereth 7 times. You genocided 4 types of monsters. You never polymorphed an object. You never changed form. You used no wishes. You violated the special Sokoban rules once. Achievements: You entered the Gnomish Mines. You attained the rank of Novice. You entered Minetown. You entered a shop. You entered a temple. You attained the rank of Initiate. You entered Sokoban. You completed the Gnomish Mines. You attained the rank of Student of Stones. You completed Sokoban. The Dungeons of Doom: levels 1 to 28 Level 1: An altar to Chih Sung-tzu. Level 2: "angry shop" A scroll shop, a fountain. Stairs down to The Gnomish Mines. Level 3: A fountain. Level 4: Level 5: A scroll shop, a fountain. Level 6: Level 7: Many fountains. Oracle of Delphi. Level 8: "vault" A fountain, a sink. Stairs up to Sokoban, level 7. Level 9: A grave. Level 10: Level 11: Level 12: A temple. Level 13: An altar. Summoned by the Grand Master. Level 14: A fountain. Level 15: A primitive area. Level 16: Level 17: A fountain, many graves. Level 18: A fountain. Level 19: A fountain, a grave. Level 20: Level 21: A fountain, a sink. Level 22: A fountain. Level 23: Level 24: Level 25: <- You were here. A fountain. Final resting place for you, killed by an Olog-hai. Level 26: Many fountains. Level 27: Level 28: The Gnomish Mines: levels 3 to 10 Level 3: Level 4: Level 5: Many shops, a temple, many fountains. Level 6: Level 7: Level 8: Level 9: Level 10: A fountain. Sokoban: levels 7 up to 4 Level 4: Solved. Level 5: Solved. Level 6: Solved. Level 7: Unsolved. Game over: ---------- / \ / REST \ / IN \ / PEACE \ / \ | aerth | | 11153 Au | | killed by an | | Olog-hai | | | | | | 2022 | *| * * * | * _________)/\\_//(\/(/\)/\//\/|_)_______ Goodbye aerth the Monk... You died in The Dungeons of Doom on dungeon level 25 with 135520 points, and 11153 pieces of gold, after 27232 moves. You were level 12 with a maximum of 159 hit points when you died.